 Dungeon Crawl Stone Soup version 0.31-a0-246-g8cbcc1cb85 (webtiles) character file.

Game seed: 671413283841543738

88 cforsyth the Changeling (level 4, -6/44 HPs)
             Began as an Ogre Shapeshifter on July 13, 2023.
             Splashed by a jelly's acid (11 damage)
             ... on level 2 of the Dungeon.
             The game lasted 00:01:31 (1560 turns).

cforsyth the Changeling (Ogre Shapeshifter)         Turns: 1560, Time: 00:01:31

Health: -6/44      AC: -5    Str: 21    XL:     4   Next: 53%
Magic:  4/4        EV:  9    Int:  9    God:
Gold:   59         SH:  0    Dex:  9    Spells: 3/3 levels left

rFire   . .          .
                       - Unarmed
rCold   . . .        (no shield)
rNeg    . . .        a - +0 animal skin
rPois   .            (helmet currently unavailable)
rElec   .            (cloak currently unavailable)
rCorr   .            (gloves unavailable)
SInv    .            (boots unavailable)
Will    .....        (no amulet)
Stlth   +            (no ring)
HPRegen 0.27/turn    (no ring)
MPRegen 0.09/turn

%: no passive effects
@: beast-form, corroded
A: beast (slay +2), large, unfitting armour, tough skin 1
a: no special abilities


You were on level 2 of the Dungeon.
You were a hulking beast.
You visited 1 branch of the dungeon, and saw 2 of its levels.

You collected 59 gold pieces.

Inventory:

Armour
 a - a +0 animal skin (worn)
Jewellery
 g - a ring of protection from fire
Talismans
 c - a beast talisman
Scrolls
 f - a scroll of silence {unknown}
 j - a scroll of amnesia {unknown}
 k - 2 scrolls of identify {unknown}
 o - 3 scrolls of noise {unknown}
 p - a scroll of teleportation {unknown}
 q - a scroll of immolation {unknown}
Potions
 b - a potion of lignification
 d - a potion of degeneration {unknown}
 e - a potion of mutation {unknown}
 h - a potion of haste {unknown}
 i - a potion of curing {unknown}
 l - a potion of might {unknown}
 m - a potion of brilliance {unknown}
 n - a potion of invisibility


   Skills:
 - Level 2.6 Fighting
 - Level 1.7 Dodging
 + Level 3.2 Unarmed Combat
 + Level 3.9 Shapeshifting


You had 3 spell levels left.
You didn't know any spells.
Your spell library was empty.

Dungeon Overview and Level Annotations

Branches:
Dungeon (2/15)

Altars:

Shops:
D:2 [


Innate Abilities, Weirdness & Mutations

You are a hulking beast.
Your limbs bulge with bestial killing power. (Slay +2)
You are too large for most types of armour.
You have tough skin. (AC +1)


Message History

You now have 59 gold pieces (gained 1).
You open the door.
There is an open door here.
A kobold comes into view. It is wielding a +0 whip of draining.
The kobold shouts!
You hear a distant slurping noise.
The door mysteriously vanishes.
A jelly comes into view.
There are monsters nearby!
There are monsters nearby!
There are monsters nearby!
You punch the kobold!
You kill the kobold!
The jelly hits you. The acid corrodes you!
You are splashed with acid!
You see here a +0 whip of draining.
You hit the jelly.
Your hands burn!
The jelly is lightly wounded.
The jelly barely misses you.
You hit the jelly.
Your hands burn!
The jelly is heavily wounded.
The jelly hits you.
You are splashed with acid.
You are too injured to fight recklessly!
You are too injured to fight recklessly!
You are too injured to fight recklessly!
You are too injured to fight recklessly!
You are too injured to fight recklessly!
You are too injured to fight recklessly!
You are too injured to fight recklessly!
You are too injured to fight recklessly!
You hit the jelly.
Your hands burn!
The jelly is severely wounded.
The jelly hits you. The acid corrodes you!
You are splashed with acid!
* * * LOW HITPOINT WARNING * * *
You hit the jelly.
Your hands burn!
* * * LOW HITPOINT WARNING * * *
You punch the jelly.
The jelly is almost dead.
The jelly hits you.
* * * LOW HITPOINT WARNING * * *
You are splashed with acid!
You die...

####.#.# #.#
#..>### ###
##### ########
#
#####......##.
#.##).(....#.#
##.'........#.#
#..').......#J#
#..'......#'#h#
#..##..[..#.#.#
#)####....#.#.#
#).#########.##
##..#### ###
##....# ###
##.#####..#
#...#...
###.#.##


You could see a jelly.

Vanquished Creatures
  2 adders (D:2)
  A worm (D:2)
  A dart slug (D:1)
  6 ball pythons
  An endoplasm (D:1)
  2 giant cockroaches
  6 goblins
  5 hobgoblins
  11 jackals (D:1)
  10 kobolds
  A quokka (D:1)
  6 bats
  3 frilled lizards
  A rat (D:1)
56 creatures vanquished.

Vanquished Creatures (others)
  A kobold (D:1)
1 creature vanquished.

Grand Total: 57 creatures vanquished

Notes
Turn   | Place    | Note
-------+----------+-------------------------------------------
     0 | D:1      | cforsyth the Ogre Shapeshifter began the quest for the Orb.
     0 | D:1      | Reached XP level 1. HP: 22/22 MP: 1/1
   111 | D:1      | Reached XP level 2. HP: 20/29 MP: 2/2
   286 | D:1      | Reached XP level 3. HP: 36/36 MP: 3/3
   826 | D:2      | Reached XP level 4. HP: 42/44 MP: 4/4
  1024 | D:2      | Found Ciacenniz's Armour Shop.
  1560 | D:2      | Splashed by a jelly's acid

Illustrated notes

Levels and vault maps discovered:
D:1:      minmay_arrival_widening_spiral_wide, layout_rooms
D:2:      cheibrodos_fertilizer, layout_loops_ring, serial_shops,
          nicolae_shop_getting_attention

Skill      XL: |  1  2  3 |
---------------+----------+-----
Unarmed Combat | 2 3 |  3.2
Fighting       | |  2.6
Dodging        | |  1.7
Shapeshifting  | |  3.9

Action                     |  1- 3 |  4- 6 || total
---------------------------+-------+-------++-------
  Melee: Unarmed           |   106 |    38 ||   144
         Punch             |       |     2 ||     2
   Stab: Sleeping          |     1 |       ||     1
 Armour: Animal skin       |    31 |     7 ||    38
  Dodge: Dodged            |    58 |    27 ||    85

Table legend: (Time is in decaauts)
 A = Elapsed time spent in this place.
 B = Non-inter-level travel time spent in this place.
 C = Inter-level travel time spent in this place.
 D = Time resting spent in this place.
 E = Time spent auto-exploring this place.
 F = Levels seen in this place.
 G = Mean time per level.
                   A        B        C        D        E       F      G
               +--------+--------+--------+--------+--------+-----+--------+
         Total |   1553 |   1503 |     50 |      0 |   1215 |   2 |  776.5 |
       Dungeon |   1553 |   1503 |     50 |      0 |   1215 |   2 |  776.5 |
               +--------+--------+--------+--------+--------+-----+--------+

Top non-repeatable levels by time:
     D:2: 795 daAuts
     D:1: 757 daAuts
